 Dungeon Crawl Stone Soup version 0.14-a0-181-gf6fe0c6 (webtiles) character file.

141 Deemzul the Sneak (level 4, 0/27 HPs)
             Began as an Octopode Air Elementalist on Oct 6, 2013.
             Slain by an adder (2 damage)
             ... on Level 2 of the Dungeon.
             The game lasted 00:05:20 (1590 turns).

Deemzul the Sneak (Octopode Air Elementalist)       Turns: 1590, Time: 00:05:20

HP   0/27        AC  1     Str  7      XL: 4   Next: 78%
MP   0/9         EV 14     Int 18      God:
Gold 39          SH  0     Dex 12      Spells:  2 memorised,  7 levels left

Res.Fire  : . . .   See Invis. : .   l - +1 dwarf dagger
Res.Cold  : . . .   Warding    : .   (no shield)
Life Prot.: . . .   Conserve   : .   (helmet restricted)
Res.Poison: .       Res.Corr.  : .   (no amulet)
Res.Elec. : .       Clarity    : .   (no ring)
Sust.Abil.: . .     Spirit.Shd : .   (no ring)
Res.Mut.  : .       Stasis     : .   (no ring)
Res.Rott. : .       Flight     : .   (no ring)
Saprovore : . . .                    (no ring)
                                     (no ring)
                                     (no ring)
                                     (no ring)

@: quite poisoned, slightly resistant to hostile enchantments, very stealthy
A: almost no armour, amphibious, 8 rings, constrict 8, camouflage 1, AC +1
a: no special abilities


You were on level 2 of the Dungeon.
You were not hungry.

You visited 1 branch of the dungeon, and saw 2 of its levels.

You collected 19 gold pieces.

Inventory:

Hand weapons
 l - a +1,+1 dwarven dagger (weapon)
Comestibles
 c - 2 bread rations
 m - a meat ration
Scrolls
 a - a scroll of teleportation {unknown}
 d - a scroll of blinking {unknown}
 e - a scroll of enchant armour {unknown}
 f - 2 scrolls of remove curse {unknown}
 g - a scroll of fog {unknown}
 h - 2 scrolls of enchant weapon II {unknown}
 j - a scroll of identify {unknown}
 k - a scroll of noise {unknown}
 n - a scroll of random uselessness {unknown}
Books
 b - a book of Air

   Spells                             Type                      Level
   *Shock                             Conjuration/Air              1
   *Swiftness                         Charms/Air                   2
   Repel Missiles                     Charms/Air                   2
   Flight                             Charms/Air                   3
   Static Discharge                   Conjuration/Air              3
   Lightning Bolt                     Conjuration/Air              5


   Skills:
 + Level 6.0 Dodging
 + Level 6.4 Stealth
 + Level 3.8 Spellcasting
 + Level 4.0 Conjurations
 + Level 3.5 Charms
 + Level 5.5 Air Magic


You had 7 spell levels left.
You knew the following spells:

 Your Spells              Type           Power        Failure   Level  Hunger
a - Shock                 Conj/Air       ###.         1%          1    None
b - Swiftness             Chrm/Air       ###.......   4%          2    ##.....


Dungeon Overview and Level Annotations

Branches:
Dungeon (2/27)

Altars:


Innate Abilities, Weirdness & Mutations

You cannot wear most types of armour.
You are amphibious.
You can wear up to eight rings at the same time.
You can use your tentacles to constrict many enemies at once.
Your skin changes colour to match your surroundings (Stlth).
Your rubbery body absorbs attacks (AC +1).


Message History

Drink which item? (? for menu, Esc to quit)
You feel more experienced!
Your Dodging skill gained 4 levels and is now at level 6!
Your Stealth skill gained 3 levels and is now at level 6!
Your Spellcasting skill gained 2 levels and is now at level 3!
Your Conjurations skill gained 3 levels and is now at level 4!
Your Charms skill gained 3 levels and is now at level 3!
Your Air Magic skill gained 2 levels and is now at level 5!
It was a potion of experience.
You have reached level 4!
The adder bites you.
* * * LOW HITPOINT WARNING * * *
Casting: Shock
Confirm with . or Enter, or press ? or * to list all spells.
Aiming: Shock
Press: ? - help, Shift-Dir - straight line, p - adder The zap misses the adder.
* * * LOW HITPOINT WARNING * * *
You feel sick. The adder completely misses you. The adder bites you.
You die...

#.#..##...........#
#.#..##...........#
#.#..##...........#
#.#...............#
###.##.#............#
.....#.#.###+####'###
.....# #.# .....#
.###.####.# .....#
.......S@.# .....#
...#.####.# ...).#
#.# .....# #.# .....#
#.# ....## #.# #####
#.# ..... #.# ######.
#.#


You could see an adder.

Vanquished Creatures
  2 giant mites (D:1)
  An ooze (D:1)
  5 goblins
  5 hobgoblins
  3 kobolds (D:1)
  A ball python (D:1)
  6 bats
  3 giant cockroaches (D:1)
  2 giant newts
  4 jackals (D:1)
  3 rats
35 creatures vanquished.

Notes
Turn   | Place    | Note
--------------------------------------------------------------
     0 | D:1      | Deemzul, the Octopode Air Elementalist, began the quest for the Orb.
     0 | D:1      | Reached XP level 1. HP: 11/11 MP: 3/3
   389 | D:1      | Reached XP level 2. HP: 3/17 MP: 0/4
   815 | D:1      | Reached XP level 3. HP: 14/21 MP: 0/5
  1519 | D:2      | Learned a level 2 spell: Swiftness
  1589 | D:2      | Reached skill level 6 in Dodging
  1589 | D:2      | Reached skill level 5 in Air Magic
  1589 | D:2      | Reached XP level 4. HP: 5/27 MP: 1/9
  1590 | D:2      | Slain by an adder

Action                   |  1- 3 |  4- 6 || total
-------------------------+-------+-------++-------
Melee: Unarmed           |    31 |       ||    31
       Dagger            |    15 |       ||    15
 Cast: Shock             |    63 |     1 ||    64
  Use: Potion            |     1 |       ||     1
 Stab: Sleeping          |     1 |       ||     1
